 Dungeon Crawl Stone Soup version 0.30-a0-578-gdee14c521f (webtiles) character file.

Game seed: 14592647766144670111

46611 bmack86 the Severer (level 14, -1/126 HPs)
             Began as a Minotaur Fighter on Jan 1, 2023.
             Was a High Priest of Okawaru.
             Slain by a polar bear (8 damage)
             ... on level 5 of the Lair of Beasts.
             The game lasted 00:38:15 (14996 turns).

bmack86 the Severer (Minotaur Fighter)             Turns: 14996, Time: 00:38:16

Health: -1/126     AC: 41    Str: 31    XL:     14   Next: 5%
Magic:  22/28      EV: 11    Int: 13    God:    Okawaru [*****.]
Gold:   1464       SH:  9    Dex: 17    Spells: 13/13 levels left

rFire   . . .      SeeInvis .    B - +1 broad axe
rCold   . . .      Faith    .    c - +0 buckler
rNeg    . . .      Spirit   .    h - +15 Maxwell's patent armour {-Cast -Tele rElec Will+ rCorr}
rPois   +          Reflect  .    E - +3 hat of Pondering {ponderous, Will+ MP+10 Int+5}
rElec   +          Harm     .    u - +1 cloak
rCorr   +          Rampage  .    F - +1 pair of gloves
Will    ++++.      NoTele   +    (no boots) Stlth NoCast +
                                 S - amulet "Cieppera" {Acrobat rPois Will+ Int+3}
HPRegen 0.41/turn                k - +6 ring of dexterity
MPRegen 0.21/turn                p - +6 ring of strength

@: heroic, finesse-ful, slow
A: horns 2, retaliatory headbutt, electricity resistance, MP-powered wands
a: Renounce Religion, Heroism, Finesse, Duel


You were on level 5 of the Lair of Beasts.
You worshipped Okawaru.
Okawaru was extremely pleased with you.
You visited 3 branches of the dungeon, and saw 20 of its levels.
You also visited: Bailey.

You collected 1530 gold pieces.
You spent 66 gold pieces at shops.

Inventory:

Hand Weapons
 B - a +1 broad axe (weapon)
Missiles
 m - 22 poisoned darts
 q - 6 silver javelins (quivered)
 A - 4 curare-tipped darts
 N - 9 javelins
 O - 3 throwing nets
 U - a datura-tipped dart
Armour
 c - a +0 buckler (worn)
 h - the +15 Maxwell's patent armour (worn) {-Cast -Tele rElec Will+ rCorr}
   (You found it on level 3 of the Dungeon)

   rElec:     It insulates you from electricity.
   -Cast:     It prevents spellcasting.
   -Tele:     It prevents most forms of teleportation.
   rCorr:     It protects you from acid and corrosion.
   Will:      It increases your willpower.
 o - a +0 plate armour
 u - a +1 cloak (worn)
 E - the +3 hat of Pondering (worn) {ponderous, Will+ MP+10 Int+5}
   (You took it off Gastronok on level 10 of the Dungeon)

   Int:       It affects your intelligence (+5).
   MP:        It affects your magic capacity (+10).
   Will:      It increases your willpower.
 F - a +1 pair of gloves (worn)
Jewellery
 k - a +6 ring of dexterity (left hand)
 p - a +6 ring of strength (right hand)
 r - a ring of see invisible
 J - a +5 ring of evasion
 S - the amulet "Cieppera" (around neck) {Acrobat rPois Will+ Int+3}
   (You found it on level 1 of the Lair of Beasts)

   [amulet of the acrobat]

   It increases your evasion while moving and waiting.
   Int:       It affects your intelligence (+3).
   rPois:     It protects you from poison.
   Will:      It increases your willpower.
Wands
 s - a wand of digging (10)
 y - a wand of iceblast (7)
 C - a wand of mindburst (6)
 G - a wand of flame (14)
 H - a wand of quicksilver (5)
 T - a wand of polymorph (5)
Scrolls
 a - a scroll of acquirement {unknown}
 t - 3 scrolls of identify
 x - 3 scrolls of fear
 D - 4 scrolls of fog
 I - a scroll of teleportation
 M - 7 scrolls of magic mapping
Potions
 b - 3 potions of haste
 d - 3 potions of might
 e - 3 potions of resistance
 f - 4 potions of invisibility
 g - 3 potions of flight
 i - 8 potions of curing
 l - 2 potions of brilliance
 n - a potion of ambrosia
 v - a potion of mutation
 w - 3 potions of attraction
 z - 2 potions of magic
 L - a potion of lignification
 R - a potion of cancellation
Miscellaneous
 V - a lightning rod (4/4)


   Skills:
 + Level 12.1(17.1) Fighting
 * Level 16.3(21.3) Axes
 + Level 9.6(14.6) Throwing
 + Level 12.2(17.2) Armour
 + Level 12.2(17.2) Shields
 + Level 7.5 Invocations


You had 13 spell levels left.
You didn't know any spells.
Your spell library contained the following spells:

 Spells                   Type           Power      Damage    Failure   Level
 Ensorcelled Hibernation  Hex/Ice        0%         N/A       94%         2
 Passwall                 Tmut/Erth      0%         N/A       94%         2
 Frozen Ramparts          Ice            0%         1d1       99%         3
 Swiftness                Air            0%         N/A       99%         3
 Ice Form                 Ice/Tmut       0%         N/A       100%        4
 Summon Ice Beast         Ice/Summ       Unusable   N/A       N/A         4

Dungeon Overview and Level Annotations

Branches:
Dungeon (15/15)            Temple (1/1) D:5            Lair (3/5) D:11
  Swamp (0/4) Lair:2        Snake (0/4) Lair:3        Slime (0/5) Lair:5
    Orc (0/2) D:11         Bailey (visited)
 Vaults: D:13-14     Depths: D:15

Altars:
Ashenzari
Cheibriados
Dithmenos
Elyvilon
Fedhas
Gozag
Hepliaklqana
Kikubaaqudgha
Makhleb
Nemelex Xobeh
Okawaru
Qazlal
Ru
Sif Muna
Trog
Uskayaw
Vehumet
Wu Jian
Xom
Yredelemnul
Zin
The Shining One
Jiyva

Shops:
D:9 :   D:10 (


Innate Abilities, Weirdness & Mutations

You have a pair of horns on your head.
You reflexively headbutt those who attack you in melee.
You are resistant to electric shocks. (rElec)
You expend magic power (3 MP) to strengthen your wands.


Message History

The 12-headed hydra is moderately wounded.
You barely miss the polar bear. You closely miss the wolf.
You hit the spriggan rider. You slash the wolf!
You kill the wolf!
Okawaru accepts your kill. The wolf completely misses you.
You block the 12-headed hydra's attack.
The 12-headed hydra bites you but does no damage. x3
You block the 12-headed hydra's attack.
The 12-headed hydra bites you but does no damage. x2
You block the 12-headed hydra's attack.
The 12-headed hydra barely misses you. x2
The 12-headed hydra bites you!
* * * LOW HITPOINT WARNING * * *
The 12-headed hydra bites you but does no damage.
You hack one of the 12-headed hydra's heads off!
The 11-headed hydra grows two more!
You open the 13-headed hydra like a pillowcase!!!
The 13-headed hydra is severely wounded.
You miss the spriggan rider. You slash the wolf! You slash the polar bear!
You barely miss the wolf.
You hear an angry growl.
You hear a bellow!
The wolf pauses to sniff the ground.
The wolf bites you.
* * * LOW HITPOINT WARNING * * *
You barely miss the 13-headed hydra.
You headbutt the 13-headed hydra, but do no damage.
The 13-headed hydra is severely wounded.
You hit the polar bear but do no damage.
You slash the wolf!
You kill the wolf!
Okawaru accepts your kill.
You slice the spriggan rider!!
You kill the spriggan rider!
Okawaru accepts your kill.
You kill the hornet!
Okawaru accepts your kill.
You slash the wolf!
You kill the wolf!
Okawaru accepts your kill. The polar bear bites you!
You die...

♣♣♣♣ ♣♣♣♣♣ ♣
♣♣♣♣..♣♣.....♣♣♣♣♣♣♣♣♣..
♣♣........♣♣...........♣
...)...♣ ........♣
♣♣♣♣..♣♣ ♣hh†...♣♣♣
♣♣..♣♣♣♣♣♣♣♣.@Dy.....
♣.......♣♣..†♣♣......
♣...♣♣♣♣.....♣♣♣ .....
♣..♣ ♣♣♣..♣♣ .♣.. ♣♣.♣
♣♣♣♣ ... ♣♣. .♣ ♣♣ ♣ ♣
.♣


You could see a 13-headed hydra, a polar bear, a hornet and a black bear.

Vanquished Creatures
  Gastronok (D:10)
  A rakshasa (D:10)
  2 vault guards (Bailey)
  Erolcha (D:9)
  2 hydras (Lair:2)
  2 centaur warriors
  2 boulder beetles
  Erica (D:10)
  Urug (D:10)
  The ghost of Heh the Cleaver, a novice OpVM of Okawaru (Lair:1)
  5 skeletal warriors (D:11)
  A bog body (Lair:2)
  A lindwurm (Lair:3)
  2 oklob plants (Lair:5)
  3 ugly things (D:14)
  A moth of wrath (Lair:1)
  12 elephants
  A cyclops (D:10)
  A torpor snail (Lair:5)
  8 cane toads
  Maggie (D:10)
  9 black mambas
  Psyche (D:10)
  4 komodo dragons
  A kobold demonologist (D:11)
  A yaktaur (shapeshifter) (D:14)
  An unseen horror (D:10)
  A troll (D:11)
  Prince Ribbit (D:6)
  6 polar bears
  2 hornets (Lair:5)
  7 blink frogs
  A wolf spider simulacrum (D:15)
  Sigmund (D:6)
  5 dream sheep
  4 wyverns
  11 slime creatures (D:14)
  2 spriggans (Lair:5)
  A shadow (D:10)
  3 humans (Bailey)
  A wraith (D:9)
  15 yaks
  2 basilisks
  Menkaure (D:6)
  13 water moccasins
  Duvessa (D:5)
  An acid dragon (D:10)
  8 orc warriors
  2 sky beasts
  4 black bears
  2 ice beasts
  A boggart (Lair:5)
  5 centaurs
  20 wolves
  2 phantoms
  11 bullfrogs
  Blork the orc (D:6)
  4 kobold brigands
  5 necrophages
  7 scorpions
  2 wyvern zombies (D:7)
  10 wights
  Dowan (D:5)
  3 killer bees (D:8)
  An electric eel (D:10)
  10 howler monkeys
  A crimson imp (D:4)
  3 centaur zombies (D:7)
  A bullfrog zombie (D:7)
  Crazy Yiuf (D:5)
  3 orc priests
  5 hounds
  3 jellies
  2 gnoll boudas (D:6)
  15 orc wizards
  7 iguanas
  A howler monkey zombie (D:7)
  6 gnolls
  12 adders
  5 white imps
  2 ufetubi
  2 worms
  A dart slug (D:3)
  48 orcs
  5 endoplasms
  2 giant cockroaches (D:2)
  9 goblins
  11 hobgoblins
  11 jackals
  20 kobolds
  3 quokkas
  3 training dummies (D:10)
  2 ball pythons
  5 bats
  7 frilled lizards
  5 hobgoblin zombies (D:4)
  A kobold skeleton (D:4)
  A kobold zombie (D:4)
  2 orc skeletons (D:4)
  2 orc zombies (D:4)
  3 rats
  A bush (Lair:5)
456 creatures vanquished.

Vanquished Creatures (others)
  A bush (Lair:5)
  18 fungi
  35 plants
54 creatures vanquished.

Grand Total: 510 creatures vanquished

Notes
Turn   | Place    | Note
-------+----------+-------------------------------------------
     0 | D:1      | bmack86 the Minotaur Fighter began the quest for the Orb.
     0 | D:1      | Reached XP level 1. HP: 19/19 MP: 0/0
   221 | D:1      | Reached XP level 2. HP: 27/27 MP: 1/1
   350 | D:1      | Found a faded altar of an unknown god.
   355 | D:1      | Reached skill level 3 in Axes
   621 | D:2      | Reached XP level 3. HP: 33/33 MP: 2/2
  1028 | D:2      | Reached XP level 4. HP: 36/40 MP: 3/3
  1504 | D:3      | Found a shadowy altar of Dithmenos.
  1522 | D:3      | Found the +15 Maxwell's patent armour {-Cast -Tele rElec
                  | Will+ rCorr}
  1707 | D:3      | Found an ornate altar of the Wu Jian Council.
  1739 | D:3      | Reached skill level 1 in Throwing
  1740 | D:3      | Reached skill level 4 in Axes
  1754 | D:3      | Reached XP level 5. HP: 40/47 MP: 4/4
  1782 | D:3      | Found a blossoming altar of Fedhas.
  2198 | D:4      | Reached skill level 5 in Axes
  2198 | D:4      | Reached XP level 6. HP: 53/53 MP: 5/5
  2268 | D:4      | Found a bloodstained altar of Trog.
  2305 | D:4      | Identified the +2 spear of Exhibitionism {elec, *Slow Str+2
                  | Int+3}
  2423 | D:4      | Found a glowing golden altar of the Shining One.
  2432 | D:4      | Reached skill level 5 in Fighting
  2432 | D:4      | Reached skill level 5 in Armour
  2432 | D:4      | Reached skill level 5 in Shields
  2510 | D:4      | Noticed an ice beast
  2522 | D:4      | Killed an ice beast
  2523 | D:4      | Reached XP level 7. HP: 54/61 MP: 6/6
  2575 | D:4      | Reached skill level 6 in Axes
  2672 | D:4      | Found a white marble altar of Elyvilon.
  2672 | D:4      | Found a broken altar of Ashenzari.
  2977 | D:5      | Entered Level 5 of the Dungeon
  2998 | D:5      | Found a staircase to the Ecumenical Temple.
  3014 | Temple   | Entered the Ecumenical Temple
  3056 | Temple   | Became a worshipper of Warmaster Okawaru
  3261 | D:5      | Found Zitigif's Antique Weapon Boutique.
  3445 | D:5      | Noticed Duvessa
  3445 | D:5      | Noticed Dowan
  3458 | D:5      | Killed Dowan
  3467 | D:5      | HP: 3/61 [Duvessa/+0 short sword (5)]
  3471 | D:5      | Gained mutation: You are resistant to electric shocks.
                  | (rElec) [potion of mutation]
  3471 | D:5      | Gained mutation: You expend magic power (3 MP) to
                  | strengthen your wands. [potion of mutation]
  3476 | D:5      | Killed Duvessa
  3506 | D:5      | Reached skill level 7 in Axes
  3506 | D:5      | Reached XP level 8. HP: 16/70 MP: 7/7
  3533 | D:5      | Reached * piety under Okawaru
  4225 | D:5      | Found a runed translucent door.
  4226 | D:5      | Noticed Crazy Yiuf
  4232 | D:5      | Killed Crazy Yiuf
  4431 | D:6      | Reached skill level 8 in Axes
  4552 | D:6      | Reached XP level 9. HP: 76/78 MP: 8/8
  4589 | D:6      | Reached ** piety under Okawaru
  4657 | D:6      | Noticed Prince Ribbit
  4692 | D:6      | Killed Prince Ribbit
  4693 | D:6      | Reached skill level 9 in Axes
  4693 | D:6      | Found a hazy altar of Hepliaklqana.
  4759 | D:6      | Noticed Menkaure
  4759 | D:6      | Noticed Sigmund
  4767 | D:6      | Killed Menkaure
  4774 | D:6      | Killed Sigmund
  4794 | D:6      | Reached skill level 5 in Throwing
  4909 | D:6      | Noticed Blork the orc
  4928 | D:6      | Killed Blork the orc
  5236 | D:6      | Found an ancient bone altar of Kikubaaqudgha.
  5590 | D:7      | Reached *** piety under Okawaru
  5590 | D:7      | Received a gift from Okawaru
  5591 | D:7      | Reached skill level 10 in Axes
  5596 | D:7      | Found a flagged portal.
  5623 | Bailey   | Entered a bailey
  5706 | Bailey   | Reached XP level 10. HP: 86/88 MP: 9/9
  5717 | Bailey   | Noticed a vault guard
  5731 | Bailey   | Killed a vault guard
  5731 | Bailey   | Received a gift from Okawaru
  5778 | Bailey   | Noticed a vault guard
  5787 | Bailey   | Killed a vault guard
  5787 | Bailey   | Reached **** piety under Okawaru
  5788 | Bailey   | Reached skill level 11 in Axes
  5788 | Bailey   | Reached skill level 1 in Invocations
  6170 | D:7      | Found a basalt altar of Yredelemnul.
  6176 | D:7      | Received a gift from Okawaru
  7055 | D:8      | Found a sacrificial altar of Ru.
  7502 | D:9      | Found a radiant altar of Vehumet.
  7600 | D:9      | Noticed Erolcha
  7611 | D:9      | Killed Erolcha
  7611 | D:9      | Reached ***** piety under Okawaru
  7686 | D:9      | Reached XP level 11. HP: 95/95 MP: 12/12
  7884 | D:9      | Found Pytsau's Book Boutique.
  7899 | D:9      | Reached skill level 12 in Axes
  8617 | D:10     | Entered Level 10 of the Dungeon
  8631 | D:10     | Noticed Gastronok
  8656 | D:10     | Killed Gastronok
  8799 | D:10     | Found a snail-covered altar of Cheibriados.
  8949 | D:10     | Noticed Psyche
  8957 | D:10     | Killed Psyche
  9073 | D:10     | Noticed Erica
  9073 | D:10     | Noticed Maggie
  9090 | D:10     | Killed Maggie
  9090 | D:10     | Received a gift from Okawaru
  9100 | D:10     | Killed Erica
  9292 | D:10     | Found Gokh's Firing Range.
  9342 | D:10     | Bought 2 throwing nets for 66 gold pieces
  9400 | D:10     | Noticed Urug
  9410 | D:10     | Noticed a rakshasa
  9420 | D:10     | Received a gift from Okawaru
  9422 | D:10     | Killed Urug
  9435 | D:10     | Killed a rakshasa
  9833 | D:10     | Reached skill level 13 in Axes
 10250 | D:11     | Noticed a skeletal warrior
 10250 | D:11     | Noticed a skeletal warrior
 10253 | D:11     | Reached skill level 10 in Armour
 10264 | D:11     | Noticed a skeletal warrior
 10266 | D:11     | Reached skill level 10 in Shields
 10267 | D:11     | Noticed a skeletal warrior
 10268 | D:11     | Received a gift from Okawaru
 10273 | D:11     | Noticed a skeletal warrior
 10277 | D:11     | Killed a skeletal warrior
 10278 | D:11     | Reached skill level 10 in Fighting
 10281 | D:11     | Killed a skeletal warrior
 10281 | D:11     | Received a gift from Okawaru
 10282 | D:11     | Reached XP level 12. HP: 66/106 MP: 14/14
 10298 | D:11     | Identified the +4 ring mail of the Sun {rElec} (Okawaru
                  | gifted it to you on level 11 of the Dungeon)
 10298 | D:11     | Received a gift from Okawaru
 10299 | D:11     | Reached skill level 5 in Invocations
 10569 | D:11     | Found a staircase to the Lair.
 10736 | D:11     | You fall into a shaft and drop 3 floors!
 10740 | D:14     | Noticed a centaur warrior
 10740 | D:14     | Noticed a boulder beetle
 10751 | D:14     | Killed a centaur warrior
 10773 | D:14     | Killed a boulder beetle
 10829 | D:14     | Found a hazy altar of Hepliaklqana.
 10879 | D:15     | Entered Level 15 of the Dungeon
 10886 | D:14     | Reached skill level 14 in Axes
 11091 | D:13     | Noticed a centaur warrior
 11094 | D:13     | Killed a centaur warrior
 11160 | D:11     | Found a staircase to the Orcish Mines.
 11541 | Lair:1   | Entered Level 1 of the Lair of Beasts
 11665 | Lair:1   | Found a transporter.
 11666 | Lair:1   | Noticed Heh's ghost (novice OpVM)
 11681 | Lair:1   | Found a transporter.
 11685 | Lair:1   | Found the +7 sceptre of Torment {pain, torment}
 11753 | Lair:1   | Identified the amulet "Cieppera" {Acrobat rPois Will+
                  | Int+3}
 11761 | Lair:1   | Killed Heh's ghost
 11762 | Lair:1   | Reached XP level 13. HP: 101/116 MP: 16/16
 11965 | Lair:1   | Received a gift from Okawaru
 12135 | Lair:1   | Reached skill level 15 in Axes
 13318 | Lair:2   | Found a staircase to the Swamp.
 13865 | Lair:3   | Identified the +3 chain mail "Elue" {Rampage MP+9 Int-4
                  | Dex+7}
 13885 | Lair:3   | Found a staircase to the Snake Pit.
 13917 | Lair:3   | Received a gift from Okawaru
 13937 | Lair:3   | Reached ****** piety under Okawaru
 14470 | Lair:3   | You fall into a shaft and drop 2 floors!
 14470 | Lair:5   | Entered Level 5 of the Lair of Beasts
 14511 | Lair:5   | Received a gift from Okawaru
 14516 | Lair:5   | Reached skill level 16 in Axes
 14522 | Lair:5   | Identified the +3 chain mail "Uttaefis" {+Inv rElec Will+}
                  | (Okawaru gifted it to you on level 5 of the Lair of Beasts)
 14522 | Lair:5   | Received a gift from Okawaru
 14790 | Lair:5   | Found a viscous altar of Jiyva.
 14799 | Lair:5   | Found a staircase to the Slime Pits.
 14893 | Lair:5   | Reached XP level 14. HP: 117/126 MP: 18/18
 14988 | Lair:5   | HP: 5/126 [spriggan rider/+0 spear (10)]
 14996 | Lair:5   | Slain by a polar bear

Illustrated notes

Levels and vault maps discovered:
D:1:      amcnicky_arrival_abandoned_market, layout_basic,
          basic_ecumenical_altar
D:2:      layout_basic
D:3:      layout_basic, general_overflow_altar, grunt_dithmenos_smoke,
          nzn_wu_jian_contemplation, serial_bayou_pond_b, minivault_25
D:4:      layout_loops_ring, mainiacjoe_overflow_boulevard,
          nicolae_tso_besieged_by_evil, gammafunk_temple_overflow_elements
D:5:      layout_gridville, minmay_temple_entry_drinking_statues, serial_shops,
          nicolae_stop_n_shop_1, kennysheep_big_empty_room, minmay_starry_boxes,
          uniq_duvessa, uniq_crazy_yiuf_cottage
D:6:      minmay_polygon_palace, layout_basic, mainiacjoe_overflow_paths,
          mainiacjoe_overflow_alcove_4, uniq_menkaure, uniq_sigmund,
          uniq_prince_ribbit1, uniq_blork_the_orc
D:7:      layout_loops_ring, nicolae_yredelemnul_corpse_copse, enter_bailey_4,
          amcnicky_mini_rare_corridor_liquid
D:8:      layout_cave_pools, nicolae_ru_awakened_eye
D:9:      layout_gridville, vehumet_altar_wand_db, serial_shops, shop,
          kennysheep_decorative_pillar, uniq_erolcha
D:10:     cheibrodos_iron_armory, layout_layer_cave, lemuel_round_altar,
          corner_web_ring, serial_bayou_pond_b, nicolae_shop_firing_range,
          uniq_urug, uniq_erica, uniq_gastronok, uniq_maggie, uniq_psyche
D:11:     layout_long_grid, minmay_lair_entry_grove, orc_0_dummy
D:12:     layout_long_grid, serial_shops, shop_scrolls, minmay_checkerbox
D:13:     layout_rooms, david_vaults_4, uniq_kirke, uniq_josephine
D:14:     kennysheep_blocky_hall, layout_cross, nzn_hepliaklqana_mist_gate
D:15:     grunt_enter_depths_snipers, layout_rooms, fedhas_altar_4,
          minmay_misc_feat_diagonals
Temple:   kb_temple_of_zot
Lair:1:   layout_cave_pods, gammafunk_ghost_berserking_beasts,
          cheibrodos_lair_lostbears, lemuel_fruit_fields
Lair:2:   layout_roguey, skrybe_swamp_entry_bodies
Lair:3:   layout_cave_shapes, minmay_snake_entry_six_corridors
Lair:5:   minmay_lair_end_enchanted_forest, layout_big_grid,
          minmay_slime_entry_oklob_enclosed, st_stairs_6,
          nicolae_lair_grazing_beasts [nicolae_sub_lair_graze_edge,
          nicolae_sub_lair_graze_edge, nicolae_sub_lair_graze_edge,
          nicolae_sub_lair_graze_edge], uniq_nessos

Skill      XL: |  1  2  3  4  5  6  7  8  9 10 11 12 13 |
---------------+----------------------------------------+-----
Axes           | 3 4 5 7 8 10 11 13 14 16 | 16.3
Shields        | 4 5 6 8 9 10 11 12 | 12.2
Fighting       | 4 5 6 7 8 10 11 12 | 12.1
Armour         | 4 5 6 8 9 10 11 12 | 12.2
Throwing       | 1 2 3 4 5 6 7 8 9 |  9.6
Invocations    | 2 4 6 7 |  7.5

Action                   |  1- 3 |  4- 6 |  7- 9 | 10-12 | 13-15 || total
-------------------------+-------+-------+-------+-------+-------++-------
Melee: War axe           |    71 |   107 |   252 |    15 |       ||   445
       Headbutt          |     5 |    19 |    51 |   105 |    81 ||   261
       Broad axe         |       |       |       |   450 |   295 ||   745
Throw: Dart              |       |       |     4 |       |       ||     4
       Javelin           |       |       |       |     5 |     5 ||    10
Invok: Heroism           |       |       |     2 |    13 |     6 ||    21
       Finesse           |       |       |       |     3 |     2 ||     5
  Use: Scroll            |     3 |     4 |     7 |     8 |     4 ||    26
       Potion            |       |       |     3 |     2 |     4 ||     9
Armor: Scale mail        |    35 |       |       |       |       ||    35
       Plate armour      |       |    97 |   245 |   445 |   361 ||  1148
Dodge: Dodged            |    37 |    36 |   112 |   270 |   291 ||   746
Block: Buckler           |    22 |    33 |    95 |   206 |   213 ||   569

Table legend: (Time is in decaauts)
 A = Elapsed time spent in this place.
 B = Non-inter-level travel time spent in this place.
 C = Inter-level travel time spent in this place.
 D = Time resting spent in this place.
 E = Time spent auto-exploring this place.
 F = Levels seen in this place.
 G = Mean time per level.
                   A        B        C        D        E       F      G
               +--------+--------+--------+--------+--------+-----+--------+
         Total |  15381 |  15018 |    363 |    349 |  10233 |  21 |  732.4 |
       Dungeon |  11475 |  11113 |    362 |    349 |   7521 |  15 |  765.0 |
        Temple |    119 |    119 |      0 |      0 |     84 |   1 |  119.0 |
          Lair |   3580 |   3580 |      0 |      0 |   2618 |   4 |  895.0 |
        Bailey |    206 |    206 |      0 |      0 |     10 |   1 |  206.0 |
               +--------+--------+--------+--------+--------+-----+--------+

Top non-repeatable levels by time:
    D:10: 1674 daAuts
     D:6: 1244 daAuts
  Lair:1: 1187 daAuts
     D:5: 1182 daAuts
     D:9: 1181 daAuts
     D:7: 1079 daAuts
  Lair:2: 1069 daAuts
    D:11: 976 daAuts
     D:2: 935 daAuts
     D:4: 872 daAuts
  Lair:3: 804 daAuts
     D:8: 670 daAuts
     D:3: 646 daAuts
     D:1: 590 daAuts
  Lair:5: 518 daAuts
